 Dungeon Crawl Stone Soup version 0.23.2 (webtiles) character file.

Game seed: 2638454653002184117

1076 Gargoyl the Chopper (level 8, -4/67 HPs)
             Began as a Centaur Abyssal Knight on Apr 11, 2019.
             Was an Elder of Lugonu.
             Slain by a hornet (11 damage)
             ... on level 4 of the Dungeon.
             The game lasted 00:10:26 (5469 turns).

Gargoyl the Chopper (Centaur Abyssal Knight)        Turns: 5469, Time: 00:10:27

Health: -4/67      AC: 21    Str: 21    XL:     8   Next: 8%
Magic:  11/11      EV:  8    Int: 11    God:    Lugonu [****..]
Gold:   217        SH:  0    Dex: 15    Spells: 7/7 levels left

rFire    . . .     SeeInvis .   a - +1 hand axe
rCold    + . .     Gourm    .   (no shield)
rNeg     . . .     Faith    .   t - +0 plate armour
rPois    .         Spirit   .   w - +2 helmet
rElec    .         Reflect  .   (no cloak)
rCorr    .         Harm     .   h - +0 pair of gloves
MR       .....                  e - +3 centaur barding
Stlth    ..........             (no amulet)
HPRegen  0.21/turn              m - ring of protection from cold
MPRegen  0.12/turn              (no ring)

@: mighty, agile, slowed, drained
A: large, hooves 3, deformed body, speed 2, tough skin 3
a: Depart the Abyss, Bend Space, Banish, Corrupt, Renounce Religion


You were on level 4 of the Dungeon.
You worshipped Lugonu.
Lugonu was greatly pleased with you.
You were not hungry.

You visited 1 branch of the dungeon, and saw 5 of its levels.
You visited the Abyss 1 time.
You also visited: Sewer.

You collected 217 gold pieces.

Inventory:

Hand Weapons
 a - a +1 hand axe (weapon)
 q - a +0 war axe
Missiles
 r - 6 tomahawks (quivered)
Armour
 e - a +3 centaur barding (worn)
 h - a +0 pair of gloves (worn)
 t - a +0 plate armour (worn)
 w - a +2 helmet (worn)
Jewellery
 m - a ring of protection from cold (left hand)
 x - a +3 ring of evasion {unknown}
 y - an uncursed ring of protection from magic {unknown}
Wands
 l - a wand of random effects (25)
 p - a wand of clouds (4)
Scrolls
 g - 3 scrolls of remove curse
 k - 2 scrolls of blinking
 n - a scroll of fog
 s - 3 scrolls of identify
 u - 3 scrolls of amnesia {unknown}
Potions
 b - a potion of mutation {unknown}
 d - 2 potions of curing
 f - a potion of cancellation
 j - 3 potions of flight
 o - a potion of lignification
Comestibles
 c - 16 rations
 v - 4 chunks of flesh


   Skills:
 + Level 4.4(3.4) Fighting
 + Level 4.7(3.7) Axes
 * Level 3.9(2.9) Armour
 * Level 3.1(2.1) Dodging
 * Level 4.3(3.2) Invocations


You had 7 spell levels left.
You didn't know any spells.
Your spell library was empty.

Dungeon Overview and Level Annotations

Branches:
Dungeon (5/15)
 Temple: D:4-7

Altars:
Cheibriados
Dithmenos
Fedhas
Kikubaaqudgha
Nemelex Xobeh

Shops:
D:4 (


Innate Abilities, Weirdness & Mutations

You have hooves in place of feet.
Armour fits poorly on your strangely shaped body.
You cover ground very quickly.
You have extremely tough skin. (AC +3)


Message History

* * * LOW HITPOINT WARNING * * *
You feel as though you will be slow longer.
It was a potion of might.
You feel very mighty all of a sudden. The hornet stings you.
* * * LOW HITPOINT WARNING * * *
You feel as though you will be slow longer.
The hornet closely misses you.
You closely miss the hornet. Your kick misses the hornet.
The hornet is lightly wounded.
The hornet barely misses you. The hornet stings you.
* * * LOW HITPOINT WARNING * * *
You feel as though you will be slow longer.
You barely miss the hornet. You kick the hornet, but do no damage.
The hornet is lightly wounded.
The hornet stings you but does no damage. x3
Your plate armour prevents you from hitting the hornet.
The hornet is lightly wounded.
The hornet barely misses you. The hornet stings you!
You die...

###..#####§....###.._.....#######
####.# #.._..# ##⌠.⌠##..## ....)#
##§...# #..###...##
###..#######...####.###...#.#####
.....##.[[...........#.##.##...8.
#........)............###.......)
#.#..##......(...[...#.##.##.....
#....#####.#...#[######.#.#.#....
.....# #.#...#@# ##.....##....
#.##.# #>#...#y# #..#...##....
.....# #.#...#.####.###..##..8.
.#.### #.#...#.......#...######
###.######........####..........#
.#........###.###.####..#.#####.#
..#.#####.# #.......##..#.#####.#
.##.......#######.#.##...........
(##....##..............##.#####.#


You could see a hornet.

Vanquished Creatures
  Sigmund (D:4)
  Edmund (D:4)
  Duvessa (D:4)
  A bullfrog (Sewer)
  Dowan (D:4)
  A crimson imp (D:4)
  2 orc priests (D:3)
  2 orc wizards
  Natasha (D:3)
  Terence (D:2)
  An iguana (D:4)
  2 worker ants (D:4)
  6 adders
  14 oozes
  An adder skeleton (D:4)
  4 worms
  4 dart slugs
  11 leopard geckos
  20 orcs
  15 ball pythons
  8 bats
  15 giant cockroaches
  15 goblins
  9 hobgoblins
  7 jackals
  A quokka (D:3)
  16 frilled lizards
  7 kobolds
  5 rats
173 creatures vanquished.

Notes
Turn   | Place    | Note
-------+----------+-------------------------------------------
     0 | Abyss:1  | Gargoyl the Centaur Abyssal Knight began the quest for the
                  | Orb.
     0 | Abyss:1  | Reached XP level 1. HP: 19/19 MP: 2/2
   103 | Abyss:1  | Noticed a sixfirhy
   108 | D:1      | Escaped the Abyss
   254 | D:1      | Reached XP level 2. HP: 26/26 MP: 3/3
   639 | D:1      | Reached * piety under Lugonu
   646 | D:1      | Reached XP level 3. HP: 28/31 MP: 4/4
   716 | D:1      | Reached skill level 1 in Dodging
   998 | D:2      | Found a blossoming altar of Fedhas.
  1104 | D:2      | Noticed Terence
  1128 | D:2      | Killed Terence
  1128 | D:2      | Reached XP level 4. HP: 30/39 MP: 5/5
  1406 | D:2      | Found an ancient bone altar of Kikubaaqudgha.
  1599 | D:3      | Reached ** piety under Lugonu
  1730 | D:3      | Found a glowing drain.
  1735 | Sewer    | Entered a sewer
  1746 | Sewer    | Reached XP level 5. HP: 41/46 MP: 6/6
  2120 | Sewer    | Reached *** piety under Lugonu
  2341 | Sewer    | Reached XP level 6. HP: 29/52 MP: 8/8
  3272 | D:3      | Noticed Natasha
  3344 | D:3      | Killed Natasha
  3731 | D:3      | Reached **** piety under Lugonu
  3830 | D:3      | Found a snail-covered altar of Cheibriados.
  3941 | D:4      | Found a shadowy altar of Dithmenos.
  3950 | D:4      | Found Eqaaczes's Weapon Emporium.
  4080 | D:4      | Reached XP level 7. HP: 54/59 MP: 9/9
  4126 | D:4      | Noticed Edmund
  4127 | D:4      | Noticed Sigmund
  4231 | D:4      | Killed Sigmund
  4269 | D:4      | Killed Edmund
  4561 | D:4      | Found a sparkling altar of Nemelex Xobeh.
  5307 | D:5      | Entered Level 5 of the Dungeon
  5307 | D:5      | Noticed Duvessa
  5310 | D:5      | Noticed Dowan
  5346 | D:4      | Killed Duvessa
  5346 | D:4      | Reached XP level 8. HP: 67/67 MP: 11/11
  5358 | D:4      | Killed Dowan
  5437 | D:5      | Noticed a hornet
  5456 | D:4      | Paralysed by a hornet for 3 turns
  5469 | D:4      | Slain by a hornet

Skill      XL: |  1  2  3  4  5  6  7 |
---------------+----------------------+-----
Axes           | 2 3 4 |  4.7
Dodging        | 1 2 3 |  3.1
Armour         | 2 3 |  3.9
Invocations    | 3 4 |  4.3
Fighting       | 4 |  4.4

Action                   |  1- 3 |  4- 6 |  7- 9 || total
-------------------------+-------+-------+-------++-------
Melee: Hand axe          |   123 |   286 |   224 ||   633
       Kick              |    17 |    59 |    49 ||   125
Invok: Depart the Abyss  |     1 |       |       ||     1
  Use: Scroll            |     4 |     4 |       ||     8
       Potion            |     1 |     6 |     7 ||    14
 Stab: Invisible         |       |     2 |     5 ||     7
  Eat: Chunk             |       |     6 |     4 ||    10
       Ration            |       |     1 |       ||     1
Armor: Leather armour    |    86 |   190 |       ||   276
       Plate armour      |       |   134 |   260 ||   394
       Skin              |       |     4 |    32 ||    36
Dodge: Dodged            |    74 |   123 |    13 ||   210
